 Dungeon Crawl Stone Soup version 0.24.0-37-gcf1ca852f1 (webtiles) character file.

Game seed: 850912685168451083, levelgen mode: deterministic

0 glosham the Skirmisher (level 1, -27/18 HPs)
             Began as a Mummy Abyssal Knight on Dec 6, 2019.
             Was a Follower of Lugonu.
             Killed from afar by a blizzard demon (36 damage)
             ... with a bolt of lightning
             ... on level 1 of the Abyss.
             The game lasted 00:01:27 (60 turns).

glosham the Skirmisher (Mummy Abyssal Knight)         Turns: 60, Time: 00:01:28

Health: -27/18     AC:  3    Str: 15    XL:     1   Next: 0%
Magic:  2/2        EV: 11    Int: 11    God:    Lugonu [*.....]
Gold:   0          SH:  0    Dex: 11    Spells: 0/0 levels left

rFire    x . .     SeeInvis .   a - +1 hand axe
rCold    + . .     Gourm    .   (no shield)
rNeg     + + +     Faith    .   b - +0 leather armour
rPois    ∞         Spirit   .   (no helmet)
rElec    .         Reflect  .   (no cloak)
rCorr    .         Harm     .   (no gloves)
MR       .....                  (no boots)
Stlth    +.........             (no amulet)
HPRegen  0.06/turn              (no ring)
MPRegen  0.08/turn              (no ring)

@: no status effects
A: no food or potions, fire vulnerability, cold resistance 1, negative energy
resistance 3, torment resistance, unbreathing
a: Depart the Abyss, Renounce Religion


You were on level 1 of the Abyss.
You worshipped Lugonu.
Lugonu was aware of your devotion.
You were not hungry.

You visited 0 branches of the dungeon, and saw 0 of its levels.
You visited the Abyss 1 time.

Inventory:

Hand Weapons
 a - a +1 hand axe (weapon)
Armour
 b - a +0 leather armour (worn)
Scrolls
 c - a scroll of identify {unknown}


   Skills:
 - Level 3.0 Fighting
 * Level 1.5 Axes
 - Level 1.5 Armour
 - Level 0.7 Dodging
 - Level 1.5 Invocations


You couldn't memorise any spells.
You didn't know any spells.
Your spell library was empty.

Dungeon Overview and Level Annotations

Branches:
Dungeon (0/15)

Altars:


Innate Abilities, Weirdness & Mutations

You do not eat or drink.
Your flesh is vulnerable to fire.
You are immune to poison.
Your flesh is cold resistant. (rC+)
You are immune to negative energy. (rN+++)
You are immune to unholy pain and torment.
You can survive without breathing.


Message History

Welcome, glosham the Mummy Abyssal Knight.
Will you be the one to retrieve the legendary Orb of Zot from the depths?
Lugonu says: Depart the Abyss and spread corruption, my servant! (use the ability menu to exit the Abyss) Press ? for a list of commands and other information.
Found a corrupted altar of Lugonu.
Found a scroll labeled PUPNIV KEIRA.
You see here a scroll labeled PUPNIV KEIRA.
c - a scroll labeled PUPNIV KEIRA
Found a fuming orange potion.
A tentacled starspawn comes into view.
A blizzard demon comes into view.
A tentacle flies out from the starspawn's body!
A starspawn tentacle comes into view.
The blizzard demon shouts!
A starspawn tentacle comes into view.
The blizzard demon gestures at you.
You are engulfed in freezing vapours.
You resist.
Ouch! That really hurt!
A chaos spawn comes into view.
Found a corrupted altar of Lugonu.
There is a corrupted altar of Lugonu here.
An iron imp comes into view.
The iron imp shouts!
Found 7 gold pieces.
An ice devil comes into view.
The blizzard demon gestures at you. The bolt of lightning hits you!!!
Ouch! That really hurt!
You die...

≈≈ ## ♣≈. .# #
.. #.#≈≈.# ....
#..# ..>#≈≈≈
##.. #.
#.#.#...≈≈
#...##.##...#..≈
#..4.#..#.$.##
#.....##..#..#
.. #.##....@.# .
#.#2######..# ..
#..#### ≈.≈#
###....# .≈≈#
#..##.2###.# ≈≈≈
#.# ..# .. ≈≈
#.....# .# ≈ #
#.#...#### .#
..##...._..# #


You could see a blizzard demon.

Vanquished Creatures (others)
  2 starspawn tentacles (Abyss:1)
2 creatures vanquished.

Notes
Turn   | Place    | Note
-------+----------+-------------------------------------------
     0 | Abyss:1  | glosham the Mummy Abyssal Knight began the quest for the
                  | Orb.
     0 | Abyss:1  | Reached XP level 1. HP: 18/18 MP: 2/2
    32 | Abyss:1  | Noticed a tentacled starspawn
    32 | Abyss:1  | Noticed a blizzard demon
    43 | Abyss:1  | Noticed a chaos spawn
    45 | Abyss:1  | Found a corrupted altar of Lugonu.
    53 | Abyss:1  | Noticed an iron imp
    54 | Abyss:1  | Noticed an ice devil
    60 | Abyss:1  | Killed from afar by a blizzard demon

Levels and vault maps discovered:
Abyss:1:  hangedman_abyss_or_decor_jellyfish_corner

Table legend:
 A = Turns spent in this place as a percentage of turns spent in the entire game.
 B = Non-inter-level travel turns spent in this place as a percentage of non-inter-level travel turns spent in the entire game.
 C = Inter-level travel turns spent in this place as a percentage of turns spent in this place.
 D = Turns resting spent in this place as a percentage of non-inter-level travel turns spent in this place.
 E = Turns spent auto-exploring this place as a percentage of non-inter-level travel turns spent in this place.
 F = Non-inter-level travel turns spent in this place divided by the number of levels of this place that you've seen.
                   A       B       C       D       E      F
               +-------+-------+-------+-------+-------+----------------------
         Total | 100.0 | 100.0 |   0.0 |   0.0 |   0.0 |  60.0
         Abyss | 100.0 | 100.0 |   0.0 |   0.0 |   0.0 |  60.0
               +-------+-------+-------+-------+-------+----------------------

Levels and vault maps discovered:
Abyss:1:  hangedman_abyss_or_decor_jellyfish_corner
